AoeStats
← Goku_San

Arena

510043142Analyzed
4v4 RM · 4d ago on Sep 29, 2026· 56m 28s· 8 players
Game mode
Random Map
Map size
Large (8 player)
Population
200
Speed
Normal
Resources
Standard
Victory
Conquest
Starting age
Dark Age
Ending age
Imperial Age
RankedLock teamsTeams togetherTeam positionsShared explorationLock speedFull tech treeHidden civsTurbo modeCheats
Victory
Defeat
🇨🇳 Ethiopians · China
1408
+11
🇸🇬 Mongols · Singapore
1408
+11
🇮🇳 Ethiopians · India
1329
+13
🇹🇼 Gurjaras · Taiwan
1232
+17
🇨🇱 Turks · Chile
1324
-16
🇮🇱 Hindustanis · Israel
1290
-13
🇺🇸 Italians · United States
1264
-12
🇦🇺 Byzantines · Australia
1237
-11
ryan20160922
11:55 Feudal Age
15:39 Castle Age
13:58 Double-Bit Axe
14:45 Horse Collar
17:32 Wheelbarrow
18:10 Bow Saw
18:04 Heavy Plow
26:29 Loom
26:59 Hand Cart
26:29 Town Watch
29:58 Imperial Age
27:48 Fletching
27:58 Padded Archer Armor
28:13 Stone Mining
29:59 Stone Shaft Mining
29:20 Gold Mining
31:04 Bodkin Arrow
31:18 Thumb Ring
31:41 Leather Archer Armor
33:13 Chemistry
32:34 Ballistics
32:04 Heated Shot
32:54 Bracer
33:39 Elite Elephant Archer
36:52 Conscription
42:26 Husbandry
44:38 Caravan
44:56 Fortified Wall
49:11 Light Cavalry
50:01 Bloodlines
50:17 Hussar
51:08 Forging
51:04 Scale Barding Armor
52:51 Iron Casting
54:28 Chain Barding Armor
54:07 Heavy Camel Rider
用爱感化队友
10:33 Feudal Age
11:38 Double-Bit Axe
14:11 Castle Age
13:19 Horse Collar
15:15 Bow Saw
15:08 Heavy Plow
21:18 Gold Mining
21:51 Fletching
23:27 Wheelbarrow
22:53 Bodkin Arrow
23:20 Ballistics
23:51 Town Watch
23:42 Crossbowman
26:16 Thumb Ring
26:27 Loom
26:49 Padded Archer Armor
29:51 Gold Shaft Mining
32:53 Imperial Age
30:54 Elite Skirmisher
31:59 Hand Cart
32:34 Fortified Wall
32:34 Masonry
33:00 Stone Mining
33:06 Arbalester
34:50 Chemistry
35:02 Stone Shaft Mining
35:45 Two-Man Saw
34:47 Caravan
35:18 Coinage
35:27 Bracer
35:43 Leather Archer Armor
41:46 Conscription
43:19 Guilds
43:40 Banking
44:05 Sappers
45:10 Architecture
44:45 Siege Engineers
45:08 Guard Tower
45:13 Murder Holes
49:34 Capped Ram
52:22 Ring Archer Armor
53:45 Keep
53:00 Heated Shot
52:55 Siege Ram
23
9:32 Feudal Age
13:30 Castle Age
11:29 Double-Bit Axe
11:47 Horse Collar
15:40 Bow Saw
15:59 Heavy Plow
17:31 Loom
18:31 Fletching
18:42 Elite Skirmisher
19:27 Padded Archer Armor
21:38 Bodkin Arrow
24:24 Wheelbarrow
29:51 Imperial Age
27:51 Leather Archer Armor
28:18 Ballistics
31:38 Chemistry
31:46 Bracer
33:15 Ring Archer Armor
33:20 Siege Engineers
33:13 Crossbowman
35:11 Thumb Ring
38:07 Masonry
38:22 Arbalester
45:05 Torsion Engines
45:07 Town Watch
47:55 Scale Mail Armor
48:05 Forging
47:56 Squires
47:17 Halberdier
50:01 Hand Cart
54:29 Caravan
55:54 Chain Mail Armor
8316699
10:08 Feudal Age
13:52 Castle Age
12:09 Double-Bit Axe
12:20 Horse Collar
14:55 Bow Saw
20:33 Wheelbarrow
28:18 Imperial Age
27:12 Hand Cart
27:07 Scale Barding Armor
27:13 Forging
27:23 Heavy Plow
27:14 Gold Mining
27:15 Stone Mining
28:27 Chain Barding Armor
28:44 Gold Shaft Mining
28:45 Stone Shaft Mining
29:30 Conscription
29:46 Iron Casting
30:11 Husbandry
30:21 Bloodlines
29:32 Elite Steppe Lancer
32:26 Hoardings
33:10 Blast Furnace
33:49 Chemistry
33:09 Ballistics
33:00 Masonry
39:40 Loom
40:58 Fletching
41:36 Bodkin Arrow
43:11 Drill
43:58 Heavy Camel Rider
55:25 Siege Engineers
55:16 Murder Holes
55:31 Fortified Wall
55:08 Light Cavalry
sbr
0:28 Loom
11:39 Feudal Age
15:39 Castle Age
13:25 Double-Bit Axe
13:24 Horse Collar
16:50 Bow Saw
24:50 Heavy Plow
25:32 Wheelbarrow
29:47 Imperial Age
27:53 Hand Cart
28:40 Fletching
28:50 Padded Archer Armor
30:27 Bloodlines
30:18 Husbandry
29:57 Light Cavalry
30:12 Onager
31:08 Hussar
33:06 Thumb Ring
32:55 Elite Skirmisher
35:31 Scale Barding Armor
35:37 Forging
35:44 Leather Archer Armor
35:53 Bodkin Arrow
37:57 Chemistry
37:17 Ballistics
37:29 Town Watch
45:58 Treadmill Crane
46:05 Town Watch
Darksun
11:03 Feudal Age
11:12 Loom
15:50 Castle Age
15:01 Double-Bit Axe
14:58 Horse Collar
23:07 Gold Mining
23:54 Wheelbarrow
23:54 Bow Saw
28:48 Imperial Age
26:32 Scale Barding Armor
26:53 Heavy Plow
27:48 Forging
28:15 Chain Barding Armor
28:38 Hand Cart
29:38 Husbandry
31:52 Chemistry
30:25 Cavalier
31:50 Iron Casting
32:58 Heavy Camel Rider
35:20 Gold Shaft Mining
36:49 Plate Barding Armor
37:29 Fortified Wall
41:23 Fletching
41:33 Padded Archer Armor
44:35 Light Cavalry
[GT] Burok
10:00 Feudal Age
11:25 Loom
14:37 Castle Age
13:16 Double-Bit Axe
14:42 Fletching
24:46 Padded Archer Armor
27:59 Bodkin Arrow
35:05 Imperial Age
33:11 Wheelbarrow
39:28 Leather Archer Armor
39:44 Scale Barding Armor
39:50 Forging
53:04 Iron Casting
52:50 Chain Barding Armor
52:31 Scale Mail Armor
52:50 Bloodlines
52:40 Husbandry
52:39 Heavy Camel Rider
53:40 Chain Barding Armor
53:33 Scale Mail Armor
55:41 Squires
55:26 Arson
Goku_San
7:43 Loom
10:11 Feudal Age
10:38 Double-Bit Axe
14:44 Castle Age
12:41 Horse Collar
23:07 Gold Mining
23:07 Stone Mining
24:12 Wheelbarrow
24:02 Bow Saw
24:59 Gold Shaft Mining
25:05 Stone Shaft Mining
29:20 Imperial Age
27:19 Scale Barding Armor
27:25 Forging
27:54 Hand Cart
29:22 Bloodlines
29:13 Husbandry
29:55 Chain Barding Armor
30:11 Iron Casting
29:23 Heavy Camel Rider
31:25 Plate Barding Armor
31:14 Grand Trunk Road
31:34 Conscription
32:18 Chemistry
32:34 Two-Man Saw
32:01 Imperial Camel Rider
33:52 Blast Furnace
33:40 Conscription
33:41 Padded Archer Armor
36:12 Shatagni
36:25 Siege Engineers
37:16 Leather Archer Armor
36:35 Elite Skirmisher
37:46 Ballistics
37:28 Fletching
39:09 Ring Archer Armor
38:34 Bodkin Arrow
40:45 Bracer
46:18 Light Cavalry
46:58 Hussar
Connection lost

Rejoining the realm…

Still unreachable

The connection could not be restored.

Session expired

The server has moved on; the page needs a fresh start.